 Dungeon Crawl Stone Soup version 0.26-a0-597-gb535b0901c (webtiles) character file.

Game seed: 11118817797733968999

41 ANON1729 the Skirmisher (level 3, -9/30 HPs)
             Began as a Barachi Wanderer on Aug 27, 2020.
             Mangled by an orc warrior
             ... wielding a +0 battleaxe
              (19 damage)
             ... on level 2 of the Dungeon.
             The game lasted 00:01:29 (642 turns).

ANON1729 the Skirmisher (Barachi Wanderer)           Turns: 642, Time: 00:01:30

Health: -9/30      AC:  2    Str: 10    XL:     3   Next: 52%
Magic:  3/3        EV: 12    Int: 10    God:
Gold:   15         SH:  0    Dex: 17    Spells: 2/2 levels left

rFire    . . .     SeeInvis .   d - +1 dagger (venom)
rCold    . . .     Faith    .   (no shield)
rNeg     . . .     Spirit   .   e - +0 robe
rPois    .         Reflect  .   (no helmet)
rElec    .         Harm     .   (no cloak)
rCorr    .                      (no gloves)
MR       .....                  (no boots)
Stlth    ++........             (no amulet)
HPRegen  0.10/turn              (no ring)
MPRegen  0.08/turn              (no ring)

@: slow
A: +LOS, swims, slowness 1, strong legs 1
a: Hop


You were on level 2 of the Dungeon.
You visited 1 branch of the dungeon, and saw 2 of its levels.

You collected 15 gold pieces.

Inventory:

Hand Weapons
 a - a +2 dagger
 d - a +1 dagger of venom (weapon)
Missiles
 b - 3 curare-tipped darts (quivered)
Armour
 e - a +0 robe (worn)
Scrolls
 c - 2 scrolls of teleportation
 f - a scroll of random uselessness {unknown}
 g - a scroll of fear {unknown}


   Skills:
 + Level 4.0 Fighting
 + Level 1.6 Short Blades
 + Level 1.5 Throwing
 + Level 1.6 Dodging
 + Level 2.2 Stealth
   Level 1.1 Shields
 + Level 1.7 Unarmed Combat


You had 2 spell levels left.
You didn't know any spells.
Your spell library was empty.

Dungeon Overview and Level Annotations

Branches:
Dungeon (1/15)

Altars:


Innate Abilities, Weirdness & Mutations

You can be seen from farther away. (+LOS)
You can swim through water.
You cover ground slowly.
You can hop short distances.


Message History

* * * LOW HITPOINT WARNING * * *
You hit the orc priest but do no damage.
The orc priest looks as sick as possible!
The orc priest is heavily wounded.
The orc priest barely misses you.
An orc warrior comes into view. It is wielding a +0 battleaxe.
You barely miss the orc priest.
The orc priest is almost dead.
The orc priest closely misses you.
An orc wizard comes into view. It is wielding a +2 antimagic dagger.
You hit the orc priest.
You kill the orc priest!
Your Fighting skill increases to level 4!
You have reached level 3!
Your experience leads to an increase in your attributes!
Increase (S)trength, (I)ntelligence, or (D)exterity?
You feel agile.
The orc warrior hits you with a +0 battleaxe!!
Ouch! That really hurt!
You die...

####### .....# ...#
##### ####.###...####
#....@........#
#.##o###....#.#######
#<##$##o#
##.#.........#
#....)).#
#.###.####>...
####.#### #.....# # #
#######


You could see an orc warrior and an orc wizard.

Vanquished Creatures
  An orc priest (D:2)
  An orc (D:2)
  A hobgoblin (D:1)
  3 jackals (D:1)
  A kobold (D:1)
  A bat (D:1)
  A frilled lizard (D:1)
  2 goblins (D:1)
  A rat (D:1)
12 creatures vanquished.

Notes
Turn   | Place    | Note
-------+----------+-------------------------------------------
     0 | D:1      | ANON1729 the Barachi Wanderer began the quest for the Orb.
     0 | D:1      | ANON1729 set off with the following items: a +2 dagger, 3
                  | curare-tipped darts, a scroll of teleportation, a potion of
                  | curing, a +0 robe
     0 | D:1      | Reached XP level 1. HP: 18/18 MP: 1/1
   262 | D:1      | Reached XP level 2. HP: 17/25 MP: 2/2
   620 | D:1      | You fall into a shaft and drop 1 floor!
   637 | D:2      | Noticed an orc warrior
   639 | D:2      | Reached skill level 4 in Fighting
   639 | D:2      | Reached XP level 3. HP: 9/30 MP: 3/3
   642 | D:2      | Mangled by an orc warrior

Illustrated notes

Levels and vault maps discovered:
D:1:      lightli_arrival_maybe_door_vault, layout_basic
D:2:      layout_loops_cross, chequers_ecumenical_altar_island

Skill      XL: |  1  2 |
---------------+-------+-----
Stealth        | 2 |  2.2
Fighting       | 4 |  4.0
Short Blades   | |  1.6
Throwing       | |  1.5
Dodging        | |  1.6
Shields        | |  1.1
Unarmed Combat | |  1.7

Action                   || total
-------------------------++-------
Melee: Dagger            ||    30
  Use: Potion            ||     1
 Stab: Sleeping          ||     1
Armor: Robe              ||     4
Dodge: Dodged            ||    21

Table legend: (Time is in decaauts)
 A = Elapsed time spent in this place.
 B = Non-inter-level travel time spent in this place.
 C = Inter-level travel time spent in this place.
 D = Time resting spent in this place.
 E = Time spent auto-exploring this place.
 F = Levels seen in this place.
 G = Mean time per level.
                   A        B        C        D        E       F      G
               +--------+--------+--------+--------+--------+-----+--------+
         Total |    685 |    653 |     32 |    369 |    201 |   2 |  342.5 |
       Dungeon |    685 |    653 |     32 |    369 |    201 |   2 |  342.5 |
               +--------+--------+--------+--------+--------+-----+--------+

Top non-repeatable levels by time:
     D:1: 660 daAuts
     D:2: 24 daAuts
